 Dungeon Crawl Stone Soup version 0.29.1-12-g30fa7ad0bf (webtiles) character file.

Game seed: 2225477317307753542

1145 mortz the Trooper (level 8, -3/53 HPs)
             Began as a Kobold Earth Elementalist on Dec 12, 2022.
             Was a High Priest of Sif Muna.
             Slain by a gnoll
             ... wielding a +0 spear
              (5 damage)
             ... on level 6 of the Dungeon.
             The game lasted 00:32:59 (7514 turns).

mortz the Trooper (Kobold Earth Elementalist)       Turns: 7514, Time: 00:32:59

Health: -3/53      AC:  4    Str:  5    XL:     8   Next: 64%
Magic:  1/18       EV: 14    Int: 18    God:    Sif Muna [*****.]
Gold:   381        SH:  0    Dex: 16    Spells: 15/21 levels left

rFire   . . .      SeeInvis .   a - +2 dagger (venom)
rCold   . . .      Faith    +   (no shield)
rNeg    . . .      Spirit   .   k - +0 leather armour
rPois   .          Reflect  .   (no helmet)
rElec   .          Harm     .   (no cloak)
rCorr   .          Rampage  .   b - +0 pair of gloves
Will    +....                   (no boots)
Stlth   +++.......              v - amulet of faith
HPRegen 0.17/turn               q - ring of wizardry
MPRegen 0.16/turn               j - ring of willpower

@: lethally poisoned (-3 -> -10)
A: small, no large weapons, nightstalker 3
a: Renounce Religion, Channel Magic, Forget Spell, Divine Exegesis


You were on level 6 of the Dungeon.
You worshipped Sif Muna.
Sif Muna was extremely pleased with you.
You visited 1 branch of the dungeon, and saw 6 of its levels.
You also visited: Sewer and Ossuary.

You collected 381 gold pieces.

Inventory:

Hand Weapons
 a - a +2 dagger of venom (weapon)
 f - a +4 shortbow of freezing
 p - a +0 short sword
 r - a +0 long sword
 u - a +0 dagger
Missiles
 D - a throwing net
Armour
 b - a +0 pair of gloves (worn)
 i - a +0 scale mail
 k - a +0 leather armour (worn)
Magical Staves
 m - a staff of cold
Jewellery
 j - a ring of willpower (right hand)
 o - a ring of ice
 q - a ring of wizardry (left hand)
 v - an amulet of faith (around neck)
Wands
 C - a wand of digging (1)
Scrolls
 c - a scroll of vulnerability
 d - 3 scrolls of identify
 t - a scroll of blinking
 w - 2 scrolls of amnesia {unknown}
 y - a scroll of fear {unknown}
 A - a scroll of brand weapon {unknown}
 B - a scroll of butterflies {unknown}
Potions
 e - 2 potions of lignification
 g - a potion of haste
 h - 5 potions of curing
 l - 4 potions of flight
 n - a potion of might
 s - 2 potions of heal wounds
 x - 2 potions of attraction
 z - a potion of invisibility


   Skills:
 * Level 7.4 Fighting
 - Level 2.4 Dodging
 - Level 3.2 Stealth
 * Level 7.1 Spellcasting
 + Level 4.3 Conjurations
 + Level 0.3 Translocations
 - Level 1.1 Transmutations
 + Level 5.7 Earth Magic
 + Level 5.1 Invocations


You had 15 spell levels left.
You knew the following spells:

 Your Spells              Type           Power      Damage    Failure   Level
a - Sandblast             Erth           52%        2d12      1%          1
p - Passwall              Tmut/Erth      15%        N/A       2%          2
s - Stone Arrow           Conj/Erth      48%        3d10      2%          3

Your spell library contained the following spells:

 Spells                   Type           Power      Damage    Failure   Level
 Necrotise                Necr           24%        1d5       8%          1
 Sublimation of Blood     Necr           6%         N/A       11%         2
 Petrify                  Tmut/Erth      18%        N/A       17%         4
 Lee's Rapid Deconstruct  Erth           13%        3d10*     19%         5
 Inner Flame              Hex/Fire       6%         N/A       21%         3
 Summon Guardian Golem    Hex/Summ       6%         N/A       21%         3
 Iskenderun's Mystic Bla  Conj/Tloc      14%        2d5       26%         4
 Fulminant Prism          Conj/Hex       7%         3d7       28%         4
 Dispel Undead            Necr           6%         3d8       54%         4
 Death Channel            Necr           3%         N/A       100%        6
 Orb of Destruction       Conj           11%        9d6       100%        7
 Spellforged Servitor     Conj/Summ      7%         N/A       100%        7
 Death's Door             Necr           3%         N/A       100%        9


Dungeon Overview and Level Annotations

Branches:
Dungeon (6/15) Zot: 26886  Temple (0/1) D:4           Sewer (visited)
Ossuary (visited)

Altars:
Dithmenos
Sif Muna
Xom

Annotations:
D:5 1 runed translucent door


Innate Abilities, Weirdness & Mutations

You are small and have problems with some larger weapons.
You are completely attuned to the shadows.


Message History

Edmund barely misses you. The grasping roots constrict you.
A gnoll comes into view. It is wielding a +0 spear.
A gnoll comes into view. It is wielding a +0 spear of venom.
Casting: Stone Arrow (dangerous; 2% risk of failure)
Confirm with . or Enter, or press ? or * to list all spells.
Aiming: Stone Arrow (dangerous; 2% risk of failure)
Press: ? - help, Shift-Dir - straight line, f/p - Edmund
Aim: Edmund, wielding a +6 dire flail of protection, wearing a +2 ring mail of fire resistance and carrying a wand of roots (6) (heavily wounded, 75% to hit)
The stone arrow hits Edmund!
Edmund is almost dead.
Edmund hits you with a +6 dire flail of protection!
The grasping roots constrict you.
The grasping roots release their grip on you.
Casting: Stone Arrow (dangerous; 2% risk of failure)
Confirm with . or Enter, or press ? or * to list all spells.
Aiming: Stone Arrow (dangerous; 2% risk of failure)
Press: ? - help, Shift-Dir - straight line, f/p - Edmund
Aim: Edmund, wielding a +6 dire flail of protection, wearing a +2 ring mail of fire resistance and carrying a wand of roots (6) (almost dead, 75% to hit)
The stone arrow misses Edmund.
Edmund hits you with a +6 dire flail of protection.
Casting: Stone Arrow (dangerous; 2% risk of failure)
Confirm with . or Enter, or press ? or * to list all spells.
Aiming: Stone Arrow (dangerous; 2% risk of failure)
Press: ? - help, Shift-Dir - straight line, f/p - Edmund
Aim: Edmund, wielding a +6 dire flail of protection, wearing a +2 ring mail of fire resistance and carrying a wand of roots (6) (almost dead, 75% to hit)
The stone arrow hits Edmund!!
You kill Edmund!
Sif Muna accepts your kill.
The gnoll hits you from afar with a +0 spear of venom!
* * * LOW HITPOINT WARNING * * *
You are lethally poisoned!
The gnoll hits you from afar with a +0 spear.
* * * LOW HITPOINT WARNING * * *
* * * LOW HITPOINT WARNING * * *
You feel very sick.
There is a stone staircase leading up here.
* * * LOW HITPOINT WARNING * * *
You feel sick. The gnoll misses you.
The gnoll hits you from afar with a +0 spear.
You die...

##########
.........#
....@....#
.........#
....gg...#
.........+
.........#
.).######


You could see 2 gnolls.

Vanquished Creatures
  Edmund (D:6)
  A water moccasin (D:5)
  2 bullfrogs (Sewer)
  A howler monkey (D:3)
  A centaur zombie (Ossuary)
  A hound (D:5)
  A gnoll bouda (D:5)
  An orc priest (D:5)
  A jelly (D:5)
  2 iguanas
  3 orc wizards (D:5)
  4 ogre zombies (Ossuary)
  7 mummies (Ossuary)
  6 gnolls
  8 adders
  A shadow imp (D:5)
  2 adder zombies (Ossuary)
  A worm (D:3)
  3 dart slugs
  10 orcs
  5 bats
  6 endoplasms
  15 giant cockroaches
  3 goblins
  4 hobgoblins
  3 jackals (D:1)
  4 kobolds
  11 quokkas
  13 ball pythons
  8 frilled lizards
  2 gnoll zombies (Ossuary)
  2 goblin zombies (Ossuary)
  5 hobgoblin zombies (Ossuary)
  4 kobold zombies (Ossuary)
  5 quokka zombies
  11 rats
  7 rat zombies
165 creatures vanquished.

Vanquished Creatures (others)
  A frilled lizard (D:3)
1 creature vanquished.

Grand Total: 166 creatures vanquished

Notes
Turn   | Place    | Note
-------+----------+-------------------------------------------
     0 | D:1      | mortz the Kobold Earth Elementalist began the quest for the
                  | Orb.
     0 | D:1      | Reached XP level 1. HP: 10/10 MP: 3/3
   108 | D:1      | Found a faded altar of an unknown god.
   123 | D:1      | Prayed at the altar of an unknown god.
   123 | D:1      | Became a worshipper of Sif Muna the Loreminder
   123 | D:1      | Reached * piety under Sif Muna
   158 | D:1      | Reached XP level 2. HP: 16/16 MP: 0/5
   418 | D:1      | Learned a level 2 spell: Passwall
   462 | D:1      | Reached skill level 1 in Fighting
   953 | D:2      | Reached XP level 3. HP: 20/20 MP: 4/6
  1139 | D:2      | Learned a level 3 spell: Stone Arrow
  1395 | D:2      | Reached ** piety under Sif Muna
  1981 | D:2      | Reached skill level 5 in Earth Magic
  1981 | D:2      | Reached XP level 4. HP: 32/32 MP: 8/12
  2241 | D:3      | Reached XP level 5. HP: 36/36 MP: 11/13
  2591 | D:3      | Found a shimmering altar of Xom.
  3113 | D:4      | Found a glowing drain.
  3152 | Sewer    | Entered a sewer
  3204 | Sewer    | Reached XP level 6. HP: 42/42 MP: 12/15
  3234 | Sewer    | Reached *** piety under Sif Muna
  3871 | D:4      | Reached XP level 7. HP: 47/47 MP: 13/16
  4013 | D:4      | Found a staircase to the Ecumenical Temple.
  4409 | D:4      | Found a shadowy altar of Dithmenos.
  4863 | D:5      | Entered Level 5 of the Dungeon
  5019 | D:5      | Found a sand-covered staircase.
  5037 | Ossuary  | Entered an ossuary
  5228 | Ossuary  | Reached **** piety under Sif Muna
  6208 | Ossuary  | Upgraded the game from 0.29.1-4-g47bece8355 to
                  | 0.29.1-12-g30fa7ad0bf
  6492 | D:5      | Reached XP level 8. HP: 40/53 MP: 13/18
  6695 | D:5      | Reached ***** piety under Sif Muna
  6734 | D:5      | Reached skill level 5 in Invocations
  6804 | D:5      | Received a gift from Sif Muna
  6807 | D:5      | Got Sif Muna's Dissertation on Blazing Unhallowed Arts {god
                  | gift}
  6835 | D:5      | Found a runed translucent door.
  7503 | D:6      | Noticed Edmund
  7512 | D:6      | Killed Edmund
  7514 | D:6      | HP: 2/53 [poisoned by a gnoll]
  7514 | D:6      | Slain by a gnoll

Illustrated notes

Levels and vault maps discovered:
D:1:      dpeg_arrival_three_bigger_balls, layout_basic,
          ebering_ecumenical_altar_abandoned, minmay_tree_intersection
D:2:      layout_basic, lemuel_flame_loot_1
D:3:      layout_basic, xom_confusion_cloud
D:4:      layout_basic, lemuel_doored_altar, temple_hall_moat,
          portal_sewer_entry_f
D:5:      layout_gridville, ebering_ghost_reflecting_pool, enter_ossuary_4
D:6:      layout_basic, grunt_gozag_statues, uniq_edmund

Skill      XL: |  1  2  3  4  5  6  7  8 |
---------------+-------------------------+-----
Stealth        | 3 |  3.2
Fighting       | 1 6 7 |  7.4
Spellcasting   | 6 7 |  7.1
Conjurations   | 3 4 |  4.3
Earth Magic    | 5 |  5.7
Invocations    | 4 5 |  5.1
Dodging        | |  2.4
Translocations | |  0.3
Transmutations | |  1.1

Action                   |  1- 3 |  4- 6 |  7- 9 || total
-------------------------+-------+-------+-------++-------
Melee: Unarmed           |     2 |       |       ||     2
       Dagger            |       |       |     6 ||     6
 Cast: Sandblast         |    47 |    82 |   129 ||   258
       Stone Arrow       |       |       |     7 ||     7
  Use: Potion            |     2 |       |       ||     2
       Scroll            |     6 |       |     5 ||    11
Armor: Robe              |     2 |     1 |       ||     3
       Leather armour    |       |     2 |     7 ||     9
Dodge: Dodged            |    20 |    13 |    22 ||    55
